Workbook

Sheet INSTRUCCIONES
B1: ANEXOS DE PAGO
B2: GASTOS, PAGOS, FINANCIACIÓN Y VARIACIONES DEL PROYECTO DE COOPERACIÓN
B3: ANEXO 1. DESGLOSE DE GASTOS
B4: Cumplimentar en el Anexo 1 la relación de justificantes de gasto: facturas o documentos con valor probatorio equivalente en el tráfico jurídico mercantil o con eficacia administrativa. - Tipo de gasto/inversión: se deberá seleccionar de la lista desplegable uno de los tipos de gasto/inversión subvencionables para el proyecto de cooperación. - Nº presupuesto: indicar el número de presupuesto, factura proforma o contrato que se aprobó en la concesión de la ayuda o, en su caso, en una modificación posterior. - Importe presupuesto: indicar el importe (SIN IVA) aprobado o modificado. - Tipo de justificante: elegir una de las opciones de la lista desplegable: factura, nómina, RLC (Recibo de Liquidación de Cotizaciones) - Nº factura: indicar la numeración de la factura y para las nóminas y RLC: identificar el mes y el año (mm/aaaa) con el que se corresponde el periodo de liquidación en caso de gastos de personal, dietas o desplazamientos para trabajadores por cuenta ajena. - Proveedor / Acreedor: para las facturas indicar el emisor de la factura. En caso de gastos de personal, dietas o desplazamientos: nombre y apellidos del trabajador. Para las cotizaciones a la Seguridad Social indicar TGSS como acreedor. - Fecha: recoger el dato de la fecha de emisión de la factura. En caso de gastos de personal, dietas o desplazamientos: último día del mes correspondiente a la nómina. Para las cotizaciones a la Seguridad social indicar la fecha de liquidación en la que se genera el RLC. - Concepto: breve descripción del concepto del gasto/inversión - Base imponible: indicar valor de la base imponible reflejado en la factura. - % IVA: indicar % IVA que aplica. En caso de que la factura incluya conceptos a los que se les aplique un % de IVA distinto, se deberá desglosar en tantas filas como tipos de IVA que les sea de aplicación. - % IRPF: si aplica, indicar % de IRPF. - Total factura: importe total de la factura, impuestos incluidos - COMPROBACIÓN DE PAGOS: la información de esta parte de la tabla se cumplimenta de forma automática una vez que se haya relleno el Anexo 2. Desglose de pagos
B5: ANEXO 1: Desglose de los justificantes de gasto (facturas, nóminas y RLC)
B6: ANEXO 2. DESGLOSE DE PAGOS
B7: Cumplimentar la información relativa a los justificantes de pago (Anexo 2). - Nº factura/Ref: seleccionar la numeración de la factura recogida en el Anexo 1. Cada pago deberá asociarse de forma inequívoca con la factura o facturas que se pagan. En caso de haber realizado varios pagos para una misma factura, se incluirán tantas filas como pagos. - Fecha pago (fecha valor): se deberá recoger la fecha valor que figure en el justificante de pago, puesto que es el momento en el que se produce una disminución patrimonial del importe en la cuenta del ordenante. - Importe pagado: incluir importe del pago - Tipo de pago: seleccionar valor de la lista desplegable. - Cuenta de pago: código IBAN de la cuenta bancaria desde la que se ha realizado el pago por parte del beneficiario
B8: ANEXO 2: Desglose de pagos
B9: ANEXO 3. FINANCIACIÓN DEL PROYECTO
B10: Cumplimentar la tabla del 'Anexo 3' con información relativa a las fuentes de financiación del proyecto de cooperación utilizadas para llevar a cabo el proyecto de cooperación.
B11: ANEXO 3: Financiación del proyecto
B12: ANEXO 4. VARIACIONES DEL PROYECTO
... B14: ANEXO 4: Variación del proyecto

Sheet ANEXO 1
A1: DESGLOSE JUSTIFICANTES DE GASTOS
A2: GASTOS | B2: PRESUPUESTADO | D2: JUSTIFICANTES | M2: COMPROBACIÓN PAGOS
A3: Tipo de gasto / inversión | B3: Nº presupuesto | C3: Importe presupuesto | D3: Tipo justificante | E3: Nº Factura / mes y año de liquidación (mm/aaaa) | F3: Proveedor / Acreedor | G3: Fecha emisión justificante (FRA, Nómina, RLC) | H3: Concepto | I3: Base Imponible | J3: % IVA | K3: % IRPF | L3: Total Factura | M3: Nº Pagos | N3: Importe pagado | O3: Importe justificado
L4: =IF(I4=0,"",I4+(I4*J4)-(I4*K4)) | M4: =IFERROR(IF(COUNTIF('ANEXO 2'!A:A,'ANEXO 1'!E4)=0,"",COUNTIF('ANEXO 2'!A:A,'ANEXO 1'!E4)),"") | N4: =IFERROR((SUMIFS('ANEXO 2'!C:C,'ANEXO 2'!A:A,E4)/ROUND(SUMIFS(L:L,E:E,E4),2))*ROUND(L4,2),"") | O4: =IFERROR(IF(N4="","",ROUND(IF(((N4/L4)*I4)>I4,I4,((N4/L4)*I4)),2)),"")
L5: =IF(I5=0,"",I5+(I5*J5)-(I5*K5)) | M5: =IFERROR(IF(COUNTIF('ANEXO 2'!A:A,'ANEXO 1'!E5)=0,"",COUNTIF('ANEXO 2'!A:A,'ANEXO 1'!E5)),"") | N5: =IFERROR((SUMIFS('ANEXO 2'!C:C,'ANEXO 2'!A:A,E5)/ROUND(SUMIFS(L:L,E:E,E5),2))*ROUND(L5,2),"") | O5: =IFERROR(IF(N5="","",ROUND(IF(N5>I5,I5,((N5/L5)*I5)),2)),"")
L6: =IF(I6=0,"",I6+(I6*J6)-(I6*K6)) | M6: =IFERROR(IF(COUNTIF('ANEXO 2'!A:A,'ANEXO 1'!E6)=0,"",COUNTIF('ANEXO 2'!A:A,'ANEXO 1'!E6)),"") | N6: =IFERROR((SUMIFS('ANEXO 2'!C:C,'ANEXO 2'!A:A,E6)/ROUND(SUMIFS(L:L,E:E,E6),2))*ROUND(L6,2),"") | O6: =IFERROR(IF(N6="","",ROUND(IF(N6>I6,I6,((N6/L6)*I6)),2)),"")
L7: =IF(I7=0,"",I7+(I7*J7)-(I7*K7)) | M7: =IFERROR(IF(COUNTIF('ANEXO 2'!A:A,'ANEXO 1'!E7)=0,"",COUNTIF('ANEXO 2'!A:A,'ANEXO 1'!E7)),"") | N7: =IFERROR((SUMIFS('ANEXO 2'!C:C,'ANEXO 2'!A:A,E7)/ROUND(SUMIFS(L:L,E:E,E7),2))*ROUND(L7,2),"") | O7: =IFERROR(IF(N7="","",ROUND(IF(N7>I7,I7,((N7/L7)*I7)),2)),"")
L8: =IF(I8=0,"",I8+(I8*J8)-(I8*K8)) | M8: =IFERROR(IF(COUNTIF('ANEXO 2'!A:A,'ANEXO 1'!E8)=0,"",COUNTIF('ANEXO 2'!A:A,'ANEXO 1'!E8)),"") | N8: =IFERROR((SUMIFS('ANEXO 2'!C:C,'ANEXO 2'!A:A,E8)/ROUND(SUMIFS(L:L,E:E,E8),2))*ROUND(L8,2),"") | O8: =IFERROR(IF(N8="","",ROUND(IF(N8>I8,I8,((N8/L8)*I8)),2)),"")
L9: =IF(I9=0,"",I9+(I9*J9)-(I9*K9)) | M9: =IFERROR(IF(COUNTIF('ANEXO 2'!A:A,'ANEXO 1'!E9)=0,"",COUNTIF('ANEXO 2'!A:A,'ANEXO 1'!E9)),"") | N9: =IFERROR((SUMIFS('ANEXO 2'!C:C,'ANEXO 2'!A:A,E9)/ROUND(SUMIFS(L:L,E:E,E9),2))*ROUND(L9,2),"") | O9: =IFERROR(IF(N9="","",ROUND(IF(N9>I9,I9,((N9/L9)*I9)),2)),"")
L10: =IF(I10=0,"",I10+(I10*J10)-(I10*K10)) | M10: =IFERROR(IF(COUNTIF('ANEXO 2'!A:A,'ANEXO 1'!E10)=0,"",COUNTIF('ANEXO 2'!A:A,'ANEXO 1'!E10)),"") | N10: =IFERROR((SUMIFS('ANEXO 2'!C:C,'ANEXO 2'!A:A,E10)/ROUND(SUMIFS(L:L,E:E,E10),2))*ROUND(L10,2),"") | O10: =IFERROR(IF(N10="","",ROUND(IF(N10>I10,I10,((N10/L10)*I10)),2)),"")
L11: =IF(I11=0,"",I11+(I11*J11)-(I11*K11)) | M11: =IFERROR(IF(COUNTIF('ANEXO 2'!A:A,'ANEXO 1'!E11)=0,"",COUNTIF('ANEXO 2'!A:A,'ANEXO 1'!E11)),"") | N11: =IFERROR((SUMIFS('ANEXO 2'!C:C,'ANEXO 2'!A:A,E11)/ROUND(SUMIFS(L:L,E:E,E11),2))*ROUND(L11,2),"") | O11: =IFERROR(IF(N11="","",ROUND(IF(N11>I11,I11,((N11/L11)*I11)),2)),"")
L12: =IF(I12=0,"",I12+(I12*J12)-(I12*K12)) | M12: =IFERROR(IF(COUNTIF('ANEXO 2'!A:A,'ANEXO 1'!E12)=0,"",COUNTIF('ANEXO 2'!A:A,'ANEXO 1'!E12)),"") | N12: =IFERROR((SUMIFS('ANEXO 2'!C:C,'ANEXO 2'!A:A,E12)/ROUND(SUMIFS(L:L,E:E,E12),2))*ROUND(L12,2),"") | O12: =IFERROR(IF(N12="","",ROUND(IF(N12>I12,I12,((N12/L12)*I12)),2)),"")
L13: =IF(I13=0,"",I13+(I13*J13)-(I13*K13)) | M13: =IFERROR(IF(COUNTIF('ANEXO 2'!A:A,'ANEXO 1'!E13)=0,"",COUNTIF('ANEXO 2'!A:A,'ANEXO 1'!E13)),"") | N13: =IFERROR((SUMIFS('ANEXO 2'!C:C,'ANEXO 2'!A:A,E13)/ROUND(SUMIFS(L:L,E:E,E13),2))*ROUND(L13,2),"") | O13: =IFERROR(IF(N13="","",ROUND(IF(N13>I13,I13,((N13/L13)*I13)),2)),"")
L14: =IF(I14=0,"",I14+(I14*J14)-(I14*K14)) | M14: =IFERROR(IF(COUNTIF('ANEXO 2'!A:A,'ANEXO 1'!E14)=0,"",COUNTIF('ANEXO 2'!A:A,'ANEXO 1'!E14)),"") | N14: =IFERROR((SUMIFS('ANEXO 2'!C:C,'ANEXO 2'!A:A,E14)/ROUND(SUMIFS(L:L,E:E,E14),2))*ROUND(L14,2),"") | O14: =IFERROR(IF(N14="","",ROUND(IF(N14>I14,I14,((N14/L14)*I14)),2)),"")
L15: =IF(I15=0,"",I15+(I15*J15)-(I15*K15)) | M15: =IFERROR(IF(COUNTIF('ANEXO 2'!A:A,'ANEXO 1'!E15)=0,"",COUNTIF('ANEXO 2'!A:A,'ANEXO 1'!E15)),"") | N15: =IFERROR((SUMIFS('ANEXO 2'!C:C,'ANEXO 2'!A:A,E15)/ROUND(SUMIFS(L:L,E:E,E15),2))*ROUND(L15,2),"") | O15: =IFERROR(IF(N15="","",ROUND(IF(N15>I15,I15,((N15/L15)*I15)),2)),"")
L16: =IF(I16=0,"",I16+(I16*J16)-(I16*K16)) | M16: =IFERROR(IF(COUNTIF('ANEXO 2'!A:A,'ANEXO 1'!E16)=0,"",COUNTIF('ANEXO 2'!A:A,'ANEXO 1'!E16)),"") | N16: =IFERROR((SUMIFS('ANEXO 2'!C:C,'ANEXO 2'!A:A,E16)/ROUND(SUMIFS(L:L,E:E,E16),2))*ROUND(L16,2),"") | O16: =IFERROR(IF(N16="","",ROUND(IF(N16>I16,I16,((N16/L16)*I16)),2)),"")
... L800: =IF(I800=0,"",I800+(I800*J800)-(I800*K800)) | M800: =IFERROR(IF(COUNTIF('ANEXO 2'!A:A,'ANEXO 1'!E800)=0,"",COUNTIF('ANEXO 2'!A:A,'ANEXO 1'!E800)),"") | N800: =IFERROR((SUMIFS('ANEXO 2'!C:C,'ANEXO 2'!A:A,E800)/ROUND(SUMIFS(L:L,E:E,E800),2))*ROUND(L800,2),"") | O800: =IFERROR(IF(N800="","",ROUND(IF(N800>I800,I800,((N800/L800)*I800)),2)),"")

Sheet ANEXO 2
A1: DESGLOSE DE PAGOS
A2: JUSTIFICANTES | B2: PAGOS EFECTUADOS
A3: Nº Factura / mes y año de liquidación (MM/AAAA) | B3: Fecha pago (fecha valor) | C3: Importe pagado | D3: Tipo de pago | E3: CUENTA DE PAGO | F3: OBSERVACIONES

Sheet ANEXO 3
B1: FINANCIACION DE LOS GASTOS E INVERSIONES
B2: A. Financiación propia 1 | G2: =IFERROR(IF(SUM(G3:G7)=0,"",SUM(G3:G7)),"")
C3: A.1. Ampliación de capital
C4: A.2. Reservas
C5: A.3. Resultados de ejercicios anteriores
C6: A.4. Otras aportaciones de socios
C7: A.5. Otros (especificar):
B9: B. Financiación externa privada 2 | G9: =IFERROR(IF(SUM(G10:G11)=0,"",SUM(G10:G11)),"")
C10: B.1. Entidades financieras (especificar):
C11: B.2. Otros recursos ajenos (especificar):
B13: TOTAL GASTOS E INVERSIONES EJECUTADOS (A+B) | G13: =IF(G2="",G9,IF(G9="",G2,SUM(G2+G9)))
B15: 1 Se deberá aportar documentación acreditativa de la disponibilidad de fondos propios y, en su caso, última declaración del Impuesto de Sociedades o justificación de la exención del impuesto y última presentación de cuentas anual en el Registro correspondiente.
B16: 2 Se deberá aportar copia de la póliza del crédito, préstamo y/o línea de financiación suscrita.
B18: DESGLOSE DE GASTOS E INVERSIONES*
B19: TIPO DE GASTO | D19: PRESUPUESTO | E19: GASTO | G19: JUSTIFICADO | I19: ALQUILER DE BIENES DE EQUIPO, INFRAESTRUCTURAS Y PROTOTIPOS
B20: ALQUILER DE BIENES DE EQUIPO, INFRAESTRUCTURAS Y PROTOTIPOS | D20: {=SUM(IF('ANEXO 1'!$A$4:$A$1000=$B20,'ANEXO 1'!$C$4:$C$1000))} -> 0 | E20: {=SUM(IF('ANEXO 1'!$A$4:$A$1000=$B20,'ANEXO 1'!$I$4:$I$1000))} -> 0 | F20: {=SUM(IF('ANEXO 1'!$A$4:$A$1000=$B20,'ANEXO 1'!$C$4:$C$1000))} -> 0 | G20: {=SUM(IF('ANEXO 1'!$A$4:$A$1000=$B20,'ANEXO 1'!$O$4:$O$1000))} -> 0 | I20: PRESTACIÓN DE SERVICIOS
B21: PRESTACIÓN DE SERVICIOS | D21: {=SUM(IF('ANEXO 1'!$A$4:$A$1000=$B21,'ANEXO 1'!$C$4:$C$1000))} -> 0 | E21: {=SUM(IF('ANEXO 1'!$A$4:$A$1000=$B21,'ANEXO 1'!$I$4:$I$1000))} -> 0 | G21: {=SUM(IF('ANEXO 1'!$A$4:$A$1000=$B21,'ANEXO 1'!$O$4:$O$1000))} -> 0 | I21: COSTES DE PERSONAL
B22: COSTES DE PERSONAL | D22: {=SUM(IF('ANEXO 1'!$A$4:$A$1000=$B22,'ANEXO 1'!$C$4:$C$1000))} -> 0 | E22: {=SUM(IF('ANEXO 1'!$A$4:$A$1000=$B22,'ANEXO 1'!$I$4:$I$1000))} -> 0 | G22: {=SUM(IF('ANEXO 1'!$A$4:$A$1000=$B22,'ANEXO 1'!$O$4:$O$1000))} -> 0 | I22: DESPLAZAMIENTOS Y MANUTENCIÓN
B23: DESPLAZAMIENTOS Y MANUTENCIÓN | D23: {=SUM(IF('ANEXO 1'!$A$4:$A$1000=$B23,'ANEXO 1'!$C$4:$C$1000))} -> 0 | E23: {=SUM(IF('ANEXO 1'!$A$4:$A$1000=$B23,'ANEXO 1'!$I$4:$I$1000))} -> 0 | G23: {=SUM(IF('ANEXO 1'!$A$4:$A$1000=$B23,'ANEXO 1'!$O$4:$O$1000))} -> 0 | I23: MATERIAL FUNGIBLE
B24: MATERIAL FUNGIBLE | D24: {=SUM(IF('ANEXO 1'!$A$4:$A$1000=$B24,'ANEXO 1'!$C$4:$C$1000))} -> 0 | E24: {=SUM(IF('ANEXO 1'!$A$4:$A$1000=$B24,'ANEXO 1'!$I$4:$I$1000))} -> 0 | G24: {=SUM(IF('ANEXO 1'!$A$4:$A$1000=$B24,'ANEXO 1'!$O$4:$O$1000))} -> 0 | I24: OTROS GASTOS: auditorías, traducciones, inscripciones en eventos, gastos de divulgación, gastos de coordinación, gastos de asistencia técnica y consultorías, gastos de preparación del proyecto de cooperación, etc.
B25: OTROS GASTOS: auditorías, traducciones, inscripciones en eventos, gastos de divulgación, gastos de coordinación, gastos de asistencia técnica y consultorías, gastos de preparación del proyecto de cooperación, etc. | D25: {=SUM(IF('ANEXO 1'!$A$4:$A$1000=$B25,'ANEXO 1'!$C$4:$C$1000))} -> 0 | E25: {=SUM(IF('ANEXO 1'!$A$4:$A$1000=$B25,'ANEXO 1'!$I$4:$I$1000))} -> 0 | G25: {=SUM(IF('ANEXO 1'!$A$4:$A$1000=$B25,'ANEXO 1'!$O$4:$O$1000))} -> 0 | I25: ADQUISICIÓN DE BIENES DE EQUIPO, INFRAESTRUCTURAS Y PROTOTIPOS
B26: TOTAL GASTOS | D26: =SUM(D20:D25) -> 0 | E26: =SUM(E20:E25) -> 0 | F26: =SUM(F20:F25) -> 0 | G26: =SUM(G20:G25) -> 0 | I26: OTROS GASTOS: propiedad intelectual
B28: TIPO DE INVERSIÓN | D28: PRESUPUESTO | E28: GASTO | G28: JUSTIFICADO
B29: ADQUISICIÓN DE BIENES DE EQUIPO, INFRAESTRUCTURAS Y PROTOTIPOS | D29: {=SUM(IF('ANEXO 1'!$A$4:$A$1000=$B29,'ANEXO 1'!$C$4:$C$1000))} -> 0 | E29: {=SUM(IF('ANEXO 1'!$A$4:$A$1000=$B29,'ANEXO 1'!$I$4:$I$1000))} -> 0 | G29: {=SUM(IF('ANEXO 1'!$A$4:$A$1000=$B29,'ANEXO 1'!$O$4:$O$1000))} -> 0
B30: OTROS GASTOS: propiedad intelectual | D30: {=SUM(IF('ANEXO 1'!$A$4:$A$1000=$B30,'ANEXO 1'!$C$4:$C$1000))} -> 0 | E30: {=SUM(IF('ANEXO 1'!$A$4:$A$1000=$B30,'ANEXO 1'!$I$4:$I$1000))} -> 0 | G30: {=SUM(IF('ANEXO 1'!$A$4:$A$1000=$B30,'ANEXO 1'!$I$4:$I$1000))} -> 0
B31: TOTAL INVERSIONES | D31: =SUM(D29:D30) -> 0 | E31: =SUM(E29:E30) -> 0 | F31: =SUM(F29:F30) -> 0 | G31: =SUM(G29:G30) -> 0
B33: TOTAL GASTOS E INVERSIONES | D33: =IF(D26+D31="","",D26+D31) -> 0 | E33: =IF(E26+E31="","",E26+E31) -> 0 | F33: =IF(F26+F31="","",F26+F31) -> 0 | G33: =IF(G26+G31="","",G26+G31) -> 0
B35: *Esta tabla se autocumplimenta con los datos del 'ANEXO 1' y del 'ANEXO 2'

Sheet ANEXO 4
A1: EXPLICACIONES DE LAS DIFERENCIAS ENTRE EL PROYECTO DE COOPERACIÓN PREVISTO Y EL REALIZADO
A2: DESGLOSE DE GASTOS E INVERSIONES | C2: PRESUPUESTADO | E2: EJECUTADO | G2: VARIACIONES
A3: TIPO DE GASTO / INVERSIÓN | B3: CONCEPTO DE GASTO / INVERSIÓN | C3: UNIDADADES, VOLUMEN, CAPACIDAD, SUPERFICIE, ETC. | D3: IMPORTE PRESUPUESTADO | E3: UNIDADADES, VOLUMEN, CAPACIDAD, SUPERFICIE, ETC. | F3: IMPORTE PAGADO | G3: JUSTIFICACIÓN
